TOP OF THE 1ST |
Helena Grizzlies batting - Pitching for Salem Misfits : RHP Josh Gardner
|
Pitching: RHP Josh Gardner
|
|
Batting: RHB Curt Pope
|
0-0: Ball 1-0: Called Strike 1-1: Swinging Strike 1-2: Strikes out swinging
|
Batting: RHB Emílio Ortíz
|
0-0: Ball 1-0: Foul Ball, location: 2F 1-1: Fly out, F8 (Flyball, 8RM)
|
Batting: LHB Juan Hernández
|
0-0: Ball 1-0: Fly out, F9 (Flyball, 89M)
|
Top of the 1st over - 0 run(s), 0 hit(s), 0 error(s), 0 left on base; Helena 0 - Salem 0 |
BOTTOM OF THE 1ST |
Salem Misfits batting - Pitching for Helena Grizzlies : RHP José Trujillo
|
Pitching: RHP José Trujillo
|
|
Batting: SHB Alonso Márquez
|
0-0: Ball 1-0: Ball 2-0: Called Strike 2-1: Fly out, F8 (Flyball, 8RM)
|
Batting: RHB Will Robinson
|
0-0: DOUBLE (Flyball, 8RXD)
|
Batting: LHB Iván Flores
|
0-0: Foul Ball, location: 2F 0-1: Swinging Strike 0-2: Foul Ball, location: 2F 0-2: Foul Ball, location: 2F 0-2: Ball 1-2: DOUBLE (Line Drive, 8RM) Will Robinson scores
|
Batting: LHB Júlio Valentín
|
0-0: Swinging Strike 0-1: Ball 1-1: Foul Ball, location: 2F 1-2: Strikes out swinging
|
Batting: LHB Chris Thurman
|
0-0: Ball 1-0: Called Strike 1-1: Fly out, F4 (Line Drive, 4)
|
Bottom of the 1st over - 1 run(s), 2 hit(s), 0 error(s), 1 left on base; Helena 0 - Salem 1 |
TOP OF THE 2ND |
Helena Grizzlies batting - Pitching for Salem Misfits : RHP Josh Gardner
|
Batting: RHB Pancho Salaedo
|
0-0: Swinging Strike 0-1: Foul Ball, location: 2F 0-2: Ball 1-2: Ball 2-2: SINGLE (Groundball, 15S) (infield hit)
|
Batting: LHB José Alonso
|
0-0: Swinging Strike 0-1: Ball 1-1: Called Strike 1-2: Strikes out swinging
|
Batting: LHB Wilson Horton
|
0-0: Called Strike 0-1: Foul Ball, location: 2F 0-2: Foul Ball, location: 2F 0-2: DOUBLE (Line Drive, 9D) Pancho Salaedo to third
|
Batting: SHB Bruce Hunt
|
0-0: Ball 1-0: Foul Ball, location: 2F 1-1: Swinging Strike 1-2: Ball 2-2: Fly out, F7 (Line Drive, 7M)
|
Batting: RHB David Ramírez
|
0-0: Fly out, F8 (Flyball, 8LS)
|
Top of the 2nd over - 0 run(s), 2 hit(s), 0 error(s), 2 left on base; Helena 0 - Salem 1 |
BOTTOM OF THE 2ND |
Salem Misfits batting - Pitching for Helena Grizzlies : RHP José Trujillo
|
Batting: RHB Jong-duk Kim
|
0-0: Called Strike 0-1: Ball 1-1: Foul Ball, location: 2F 1-2: Fly out, F9 (Flyball, 9M)
|
Batting: SHB Emílio Gonzáles
|
0-0: Ball 1-0: Called Strike 1-1: SINGLE (Groundball, 56D) (infield hit)
|
Batting: RHB John Townsend
|
0-0: Called Strike Emílio Gonzáles steals 2nd base 0-1: Called Strike 0-2: Ball 1-2: Strikes out swinging
|
Batting: SHB Arturo Romero
|
0-0: Called Strike 0-1: 2-RUN HOME RUN (Flyball, 8RXD), Distance : 419 ft
|
Batting: SHB Alonso Márquez
|
0-0: Foul Ball, location: 2F 0-1: Swinging Strike 0-2: Ball 1-2: Fly out, F3 (Line Drive, 34)
|
Bottom of the 2nd over - 2 run(s), 2 hit(s), 0 error(s), 0 left on base; Helena 0 - Salem 3 |
TOP OF THE 3RD |
Helena Grizzlies batting - Pitching for Salem Misfits : RHP Josh Gardner
|
Batting: LHB Rufo Flores
|
0-0: Ball 1-0: Ball 2-0: Called Strike 2-1: Called Strike 2-2: Foul Ball, location: 2F 2-2: Foul Ball, location: 2F 2-2: Foul Ball, location: 2F 2-2: Ball 3-2: Base on Balls
|
Batting: RHB Curt Pope
|
0-0: Called Strike 0-1: Ball 1-1: Fielders Choice at 2nd, 6-4 (Groundball, 6M)
|
Batting: RHB Emílio Ortíz
|
0-0: Called Strike 0-1: Called Strike 0-2: Ball 1-2: Ground out 4-3 (Groundball, 4S) Curt Pope to second
|
Batting: LHB Juan Hernández
|
0-0: Ground out 5-3 (Groundball, 56S)
|
Top of the 3rd over - 0 run(s), 0 hit(s), 0 error(s), 1 left on base; Helena 0 - Salem 3 |
BOTTOM OF THE 3RD |
Salem Misfits batting - Pitching for Helena Grizzlies : RHP José Trujillo
|
Batting: RHB Will Robinson
|
0-0: Ball 1-0: Called Strike 1-1: Bunt for hit - play at first, batter safe!
|
Batting: LHB Iván Flores
|
0-0: Ball 1-0: Ball 2-0: Called Strike 2-1: Ball 3-1: Foul Ball, location: 2F 3-2: Fly out, F7 (Flyball, 7M) 3-2: Fly out, F7 (Flyball, 7M)
|
Batting: LHB Júlio Valentín
|
0-0: SINGLE (Line Drive, 3D) Will Robinson to second
|
Batting: LHB Chris Thurman
|
0-0: Called Strike 0-1: Ball 1-1: Ball Will Robinson steals 3rd base 2-1: Ball 3-1: Foul Ball, location: 2F 3-2: SINGLE (Groundball, 56D) Will Robinson scores Júlio Valentín to second Júlio Valentín to third
|
Batting: RHB Jong-duk Kim
|
0-0: Called Strike 0-1: Swinging Strike 0-2: Ball 1-2: Ball 2-2: Foul Ball, location: 2F 2-2: Foul Ball, location: 2F 2-2: Ball 3-2: Fly out, F4 (Popup, 3D)
|
Batting: SHB Emílio Gonzáles
|
0-0: Swinging Strike 0-1: SINGLE (Groundball, 34D) (infield hit) Júlio Valentín scores Chris Thurman to second
|
Pitching: LHP Gian Turicchia
|
|
Batting: RHB John Townsend
|
0-0: Ground out 6-3 (Groundball, 6)
|
Bottom of the 3rd over - 2 run(s), 4 hit(s), 0 error(s), 2 left on base; Helena 0 - Salem 5 |
TOP OF THE 4TH |
Helena Grizzlies batting - Pitching for Salem Misfits : RHP Josh Gardner
|
Batting: RHB Pancho Salaedo
|
0-0: Ball 1-0: Called Strike 1-1: Swinging Strike 1-2: Strikes out swinging
|
Batting: LHB José Alonso
|
0-0: Ball 1-0: Foul Ball, location: 2F 1-1: SINGLE (Line Drive, 56D)
|
Batting: LHB Wilson Horton
|
0-0: Ball 1-0: Called Strike 1-1: Swinging Strike 1-2: Strikes out swinging
|
Batting: SHB Bruce Hunt
|
0-0: Ball 1-0: Swinging Strike 1-1: Ball 2-1: Hit by Pitch José Alonso to second
|
Batting: RHB David Ramírez
|
0-0: Foul Ball, location: 2F 0-1: Foul Ball, location: 2F 0-2: Ball 1-2: Strikes out looking
|
Top of the 4th over - 0 run(s), 1 hit(s), 0 error(s), 2 left on base; Helena 0 - Salem 5 |
BOTTOM OF THE 4TH |
Salem Misfits batting - Pitching for Helena Grizzlies : LHP Gian Turicchia
|
Batting: SHB Arturo Romero
|
0-0: Ball 1-0: Fly out, F7 (Flyball, 78M)
|
Batting: SHB Alonso Márquez
|
0-0: Ground out 4-3 (Groundball, 4)
|
Batting: RHB Will Robinson
|
0-0: Ball 1-0: Ground out 5-3 (Groundball, 5S)
|
Bottom of the 4th over - 0 run(s), 0 hit(s), 0 error(s), 0 left on base; Helena 0 - Salem 5 |
TOP OF THE 5TH |
Helena Grizzlies batting - Pitching for Salem Misfits : RHP Josh Gardner
|
Batting: LHB Rufo Flores
|
0-0: Foul Ball, location: 2F 0-1: Fly out, F8 (Line Drive, 8LM)
|
Batting: RHB Curt Pope
|
0-0: Called Strike 0-1: Ball 1-1: Ground out 6-3 (Groundball, 6M)
|
Batting: RHB Emílio Ortíz
|
0-0: Swinging Strike 0-1: SINGLE (Groundball, 6MD)
|
Batting: LHB Juan Hernández
|
0-0: Called Strike 0-1: Ball 1-1: Called Strike 1-2: Ball 2-2: Strikes out swinging
|
Top of the 5th over - 0 run(s), 1 hit(s), 0 error(s), 1 left on base; Helena 0 - Salem 5 |
BOTTOM OF THE 5TH |
Salem Misfits batting - Pitching for Helena Grizzlies : LHP Gian Turicchia
|
Batting: LHB Iván Flores
|
0-0: Foul Ball, location: 2F 0-1: Ball 1-1: Foul Ball, location: 2F 1-2: Foul Ball, location: 2F 1-2: Strikes out looking
|
Batting: LHB Júlio Valentín
|
0-0: Called Strike 0-1: Ball 1-1: Ball 2-1: Ball 3-1: Base on Balls
|
Batting: LHB Chris Thurman
|
0-0: Called Strike 0-1: Ball 1-1: Fielders Choice at 2nd, 4-6 (Groundball, 4)
|
Batting: RHB Jong-duk Kim
|
0-0: Called Strike 0-1: Ball 1-1: Foul Ball, location: 2F 1-2: Ball 2-2: Strikes out looking
|
Bottom of the 5th over - 0 run(s), 0 hit(s), 0 error(s), 1 left on base; Helena 0 - Salem 5 |
TOP OF THE 6TH |
Helena Grizzlies batting - Pitching for Salem Misfits : RHP Josh Gardner
|
Batting: RHB Pancho Salaedo
|
0-0: Ball 1-0: SINGLE (Line Drive, 9S)
|
Batting: LHB José Alonso
|
0-0: Foul Ball, location: 2F 0-1: Ball 1-1: Ball 2-1: Called Strike 2-2: Ball 3-2: Foul Ball, location: 2F 3-2: Fly out, F7 (Line Drive, 7M)
|
Batting: LHB Wilson Horton
|
0-0: SINGLE (Groundball, 34D) Pancho Salaedo to second Runner from 2nd tries for 3rd, SAFE, throw made to third
|
Batting: SHB Bruce Hunt
|
0-0: Called Strike 0-1: Foul Ball, location: 2F 0-2: Ball 1-2: SINGLE (Groundball, 4MD) Pancho Salaedo scores Wilson Horton to second
|
Batting: RHB David Ramírez
|
0-0: SINGLE (Line Drive, 6M) Wilson Horton to third Bruce Hunt to second
|
Batting: LHB Rufo Flores
|
0-0: Called Strike 0-1: Swinging Strike 0-2: Ball 1-2: Strikes out looking
|
Batting: RHB Curt Pope
|
0-0: Called Strike 0-1: Ball 1-1: Hit by Pitch Wilson Horton scores Bruce Hunt to third David Ramírez to second
|
Batting: RHB Emílio Ortíz
|
0-0: Foul Ball, location: 2F 0-1: Ball 1-1: Swinging Strike 1-2: Strikes out looking
|
Top of the 6th over - 2 run(s), 4 hit(s), 0 error(s), 3 left on base; Helena 2 - Salem 5 |
BOTTOM OF THE 6TH |
Salem Misfits batting - Pitching for Helena Grizzlies : LHP Gian Turicchia
|
Now in CF: Hank Kenney
|
|
Batting: SHB Emílio Gonzáles
|
0-0: DOUBLE (Line Drive, 7LM)
|
Batting: RHB John Townsend
|
0-0: Intentional Walk
|
Batting: SHB Arturo Romero
|
0-0: Ball 1-0: Foul Ball, location: 2F 1-1: Foul Ball, location: 2F 1-2: Strikes out swinging
|
Batting: SHB Alonso Márquez
|
0-0: Called Strike John Townsend is caught stealing 2nd base 0-1: SINGLE (Flyball, 8RS) Emílio Gonzáles scores
|
Batting: RHB Will Robinson
|
0-0: Foul Ball, location: 2F 0-1: Foul Ball, location: 2F 0-2: Ball 1-2: Ball 2-2: Ground out 3-1 (Groundball, 34)
|
Bottom of the 6th over - 1 run(s), 2 hit(s), 0 error(s), 1 left on base; Helena 2 - Salem 6 |
TOP OF THE 7TH |
Helena Grizzlies batting - Pitching for Salem Misfits : RHP Josh Gardner
|
Now at C: Miguel Torres
|
|
Batting: LHB Juan Hernández
|
0-0: Ball 1-0: Ball 2-0: Foul Ball, location: 2F 2-1: Ball 3-1: Foul Ball, location: 2F 3-2: Strikes out looking
|
Batting: RHB Pancho Salaedo
|
0-0: Ball 1-0: Foul Ball, location: 2F 1-1: Ball 2-1: Fly out, F7 (Flyball, 78XD)
|
Batting: LHB José Alonso
|
0-0: Foul Ball, location: 2F 0-1: Foul Ball, location: 2F 0-2: Ball 1-2: Fly out, F5 (Popup, 5SF)
|
Top of the 7th over - 0 run(s), 0 hit(s), 0 error(s), 0 left on base; Helena 2 - Salem 6 |
BOTTOM OF THE 7TH |
Salem Misfits batting - Pitching for Helena Grizzlies : LHP Gian Turicchia
|
Batting: LHB Iván Flores
|
0-0: Called Strike 0-1: Ball 1-1: Foul Ball, location: 2F 1-2: Ball 2-2: Ball 3-2: Fly out, F8 (Line Drive, 8RS)
|
Batting: LHB Júlio Valentín
|
0-0: Ball 1-0: Called Strike 1-1: Ground out 6-3 (Groundball, 6)
|
Batting: LHB Chris Thurman
|
0-0: Ball 1-0: Called Strike 1-1: Ball 2-1: Ball 3-1: SINGLE (Groundball, 34D)
|
Pitching: LHP Dean White
|
|
Batting: RHB Jong-duk Kim
|
0-0: Ball 1-0: Called Strike Chris Thurman steals 2nd base 1-1: Foul Ball, location: 2F 1-2: Fly out, F8 (Flyball, 8LM)
|
Bottom of the 7th over - 0 run(s), 1 hit(s), 0 error(s), 1 left on base; Helena 2 - Salem 6 |
TOP OF THE 8TH |
Helena Grizzlies batting - Pitching for Salem Misfits : RHP Josh Gardner
|
Pitching: RHP Jim Unknown
|
|
Batting: LHB Wilson Horton
|
0-0: Called Strike 0-1: Ground out 3-1 (Groundball, 34)
|
Batting: SHB Bruce Hunt
|
0-0: Ball 1-0: Swinging Strike 1-1: Foul Ball, location: 2F 1-2: Strikes out swinging
|
Batting: RHB David Ramírez
|
0-0: Called Strike 0-1: Foul Ball, location: 2F 0-2: Ball 1-2: Fly out, F9 (Flyball, 89M)
|
Top of the 8th over - 0 run(s), 0 hit(s), 0 error(s), 0 left on base; Helena 2 - Salem 6 |
BOTTOM OF THE 8TH |
Salem Misfits batting - Pitching for Helena Grizzlies : LHP Dean White
|
Batting: SHB Emílio Gonzáles
|
0-0: Called Strike 0-1: Ball 1-1: Swinging Strike 1-2: Strikes out looking
|
Batting: RHB Miguel Torres
|
0-0: Ball 1-0: Ball 2-0: Fly out, F4 (Popup, 4M)
|
Batting: SHB Arturo Romero
|
0-0: Swinging Strike 0-1: Ball 1-1: Swinging Strike 1-2: Strikes out swinging
|
Bottom of the 8th over - 0 run(s), 0 hit(s), 0 error(s), 0 left on base; Helena 2 - Salem 6 |
TOP OF THE 9TH |
Helena Grizzlies batting - Pitching for Salem Misfits : RHP Jim Unknown
|
Pitching: RHP Jim Unknown
|
|
Batting: LHB Rufo Flores
|
0-0: Foul Ball, location: 2F 0-1: Fly out, F8 (Flyball, 8LS)
|
Batting: RHB Curt Pope
|
0-0: Ball 1-0: Foul Ball, location: 2F 1-1: Ball 2-1: Foul Ball, location: 2F 2-2: Ball 3-2: Strikes out swinging
|
Batting: RHB Hank Kenney
|
0-0: Swinging Strike 0-1: Ball 1-1: Fly out, F8 (Flyball, 8RM)
|
Top of the 9th over - 0 run(s), 0 hit(s), 0 error(s), 0 left on base; Helena 2 - Salem 6 |
|